 Dungeon Sprint DCSS version 0.13-a0-3008-g2a6619c (webtiles) character file.

841 Gabry the Fighter (level 7, -7/66 HPs)
             Began as a Minotaur Fighter on Sept 9, 2013.
             Was an Initiate of Trog.
             Mangled by Sonja
             ... wielding a +0,+0 dagger of distortion
              (12 damage)
             ... in the Dungeon (Sprint I: "Red Sonja").
             The game lasted 00:04:11 (691 turns).

Gabry the Fighter (Minotaur Fighter)                 Turns: 691, Time: 00:04:11

HP  -7/66        AC 11     Str 21      XL: 7   Next: 18%
MP   2/2         EV  7     Int  5      God: Trog [......]
Gold 237         SH 24     Dex 11      Spells:  0 memorised,  6 levels left

Res.Fire  : . . .   See Invis. : .   a - +0 mace
Res.Cold  : . . .   Warding    : .   k - +0 orc chain mail
Life Prot.: . . .   Conserve   : .   c - +0 shield
Res.Poison: .       Res.Corr.  : .   (helmet restricted)
Res.Elec. : .       Clarity    : .   (no cloak)
Sust.Abil.: . .     Spirit.Shd : .   (no gloves)
Res.Mut.  : .       Prev.Telep.: +   (no boots)
Res.Rott. : .       Flight     : .   (no amulet)
Saprovore : . . .                    (no ring)
                                     (no ring)

@: short of breath, very poisoned, slowed, very slow, slightly resistant to
hostile enchantments, extremely unstealthy
A: retaliatory headbutt, horns 2
a: Burn Spellbooks, Renounce Religion


You were in the Dungeon.
You worshipped Trog.
Trog was pleased with you.
You were not hungry.

You visited 1 branch You collected 297 gold pieces.
You spent 80 gold pieces at shops.

Inventory:

Hand weapons
 a - a +0,+0 mace (weapon)
Armour
 b - a +0 scale mail
 c - a +0 shield (worn)
 k - a +0 orcish chain mail (worn)
Comestibles
 d - a bread ration
 l - 2 meat rations
Scrolls
 g - a scroll of identify {unknown}
 j - a scroll of blinking
Potions
 e - a potion of curing
 f - a potion of heal wounds
 h - 2 potions of magic
 i - a potion of berserk rage


   Skills:
 + Level 10.8 Fighting
 + Level 6.6 Maces & Flails
 + Level 10.1 Armour
 + Level 3.2 Dodging
 + Level 10.6 Shields


You had 6 spell levels left.
You didn't know any spells.

Dungeon Overview and Level Annotations

Branches:
Dungeon (1/1)

Altars:
Ashenzari
Elyvilon
Fedhas
Kikubaaqudgha
Sif Muna
Trog
Vehumet
Xom
Yredelemnul

Shops:
D %

Annotations:
D Sonja


Innate Abilities, Weirdness & Mutations

You reflexively headbutt those who attack you in melee.
You have a pair of horns on your head.


Message History

* * * LOW HITPOINT WARNING * * *
You see here a curare-tipped needle.
* * * LOW HITPOINT WARNING * * *
You feel very sick.
You see here 27 gold pieces.
You open the door.
* * * LOW HITPOINT WARNING * * *
You feel sick.
* * * LOW HITPOINT WARNING * * *
You feel extremely sick.
You feel a little better.
Sonja unwields an uncursed blowgun.
Sonja wields an uncursed dagger of distortion.
Its appearance distorts for a moment.
You block Sonja's attack. Sonja hits you but does no damage.
You feel a strange sense of stasis. Sonja hits you but does no damage.
Space bends around you.
* * * LOW HITPOINT WARNING * * *
Sonja hits you but does no damage. Space warps horribly around you!
You die...

#..#####'#####'#__# ##
#..####..#...#j####[§#
#..#_.####..##.#§§§.c
#..#.....##'#..'≈≈§§§
#⌠⌠#_.∩...'.j._#≈≈§§c#
####.....##_.#+##+####
#_._._###(#
##########(##
........@K($+
#++++####$($# ##.##
#+#


You could see Sonja.

Vanquished Creatures
  A giant amoeba (D)
  An ogre (D)
  Sigmund (D)
  A jelly (D)
  Ijyb (D)
5 creatures vanquished.

Notes
Turn   | Place    | Note
--------------------------------------------------------------
     0 | D        | Gabry, the Minotaur Fighter, began the quest for the Orb.
     0 | D        | Reached XP level 1. HP: 19/19 MP: 0/0
     1 | D        | Noticed Ijyb
    30 | D        | Killed Ijyb
    30 | D        | Reached skill level 4 in Fighting
    30 | D        | Reached skill level 5 in Armour
    30 | D        | Reached XP level 2. HP: 19/27 MP: 0/0
   123 | D        | Noticed an ogre
   131 | D        | Killed an ogre
   131 | D        | Reached skill level 6 in Fighting
   131 | D        | Reached skill level 1 in Dodging
   131 | D        | Reached XP level 3. HP: 34/34 MP: 1/1
   131 | D        | Reached XP level 4. HP: 41/41 MP: 1/1
   134 | D        | Noticed Sigmund
   145 | D        | Killed Sigmund
   145 | D        | Reached skill level 8 in Fighting
   145 | D        | Reached XP level 5. HP: 46/49 MP: 1/1
   172 | D        | Found a deep blue altar of Sif Muna.
   172 | D        | Found a bloodstained altar of Trog.
   172 | D        | Found an ancient bone altar of Kikubaaqudgha.
   172 | D        | Found a radiant altar of Vehumet.
   172 | D        | Noticed a giant amoeba
   181 | D        | Killed a giant amoeba
   181 | D        | Reached skill level 10 in Fighting
   181 | D        | Reached skill level 10 in Armour
   181 | D        | Reached skill level 10 in Shields
   181 | D        | Reached XP level 6. HP: 30/59 MP: 2/2
   181 | D        | Reached XP level 7. HP: 33/66 MP: 2/2
   187 | D        | Became a worshipper of Trog the Wrathful
   341 | D        | Found a white marble altar of Elyvilon.
   342 | D        | Noticed a jelly
   343 | D        | Found a blossoming altar of Fedhas.
   346 | D        | Killed a jelly
   372 | D        | Found a basalt altar of Yredelemnul.
   372 | D        | Found an ancient bone altar of Kikubaaqudgha.
   372 | D        | Found Ycuwkagomp's Food Emporium.
   372 | D        | Noticed an elephant slug
   373 | D        | Found an ancient bone altar of Kikubaaqudgha.
   373 | D        | Found a shattered altar of Ashenzari.
   603 | D        | Noticed a centaur warrior
   604 | D        | Noticed a centaur warrior
   608 | D        | Found a shimmering altar of Xom.
   612 | D        | Bought a meat ration for 40 gold pieces
   612 | D        | Bought a meat ration for 40 gold pieces
   684 | D        | Noticed Sonja
   691 | D        | Mangled by Sonja

Action                   |  1- 3 |  4- 6 |  7- 9 || total
-------------------------+-------+-------+-------++-------
Melee: Mace              |    35 |    17 |     6 ||    58
  Use: Potion            |     1 |       |       ||     1
